 Dungeon Crawl Stone Soup version 0.30.1-11-g7821555f0a (webtiles) character file.

Game seed: 447720336563318245

191 comborobin the Shooter (level 5, 0/37 HPs)
             Began as a Barachi Hexslinger on Nov 16, 2023.
             Slain by an orc priest
             ... wielding a +0 hand axe
              (3 damage)
             ... on level 3 of the Dungeon.
             The game lasted 00:03:15 (2283 turns).

comborobin the Shooter (Barachi Hexslinger)         Turns: 2283, Time: 00:03:15

Health: 0/37       AC:  5    Str: 10 (12) XL:     5   Next: 70%
Magic:  5/6        EV: 16    Int: 12 (13) God:
Gold:   167        SH:  0    Dex: 12 (14) Spells: 5/6 levels left

rFire   + . .        a - +1 sling
rCold   . . .        (no shield)
rNeg    . . .        j - +2 leather armour {rF+}
rPois   .            (no helmet)
rElec   .            (no cloak)
rCorr   .            (no gloves)
SInv    .            (no boots)
Will    +....        (no amulet)
Stlth   +            e - +5 ring of evasion
HPRegen 0.26/turn    p - ring of willpower
MPRegen 0.10/turn

%: no passive effects
@: slow
A: amphibious, slowness 1, strong legs 1, +LOS
a: Hop


You were on level 3 of the Dungeon.
You visited 1 branch of the dungeon, and saw 3 of its levels.
You also visited: Sewer.

You collected 167 gold pieces.

Inventory:

Hand Weapons
 a - a +1 sling (weapon)
 g - a +0 short sword of holy wrath
Missiles
 d - 86 stones
Armour
 c - a +0 robe
 j - a +2 leather armour of fire resistance (worn)
 o - the +2 robe of Repulsion {Harm *Slow +Inv Will-}
   (You found it on level 2 of the Dungeon)

   +Inv:      It lets you turn invisible.
   *Slow:     It may slow you when you take damage.
   Harm:      It increases damage dealt and taken.
   Will:      It decreases your willpower.
Jewellery
 e - a +5 ring of evasion (left hand)
 h - a ring of positive energy
 p - a ring of willpower (right hand)
 q - an amulet of guardian spirit
 s - a ring of protection from cold
Scrolls
 b - 2 scrolls of poison
 f - a scroll of identify
 i - 2 scrolls of enchant armour
 k - 2 scrolls of fog
 l - 3 scrolls of teleportation
Potions
 m - a potion of heal wounds {unknown}
 r - a potion of haste
 u - 2 potions of curing {unknown}
 v - a potion of magic {unknown}


   Skills:
 - Level 1.2 Fighting
 + Level 5.7 Ranged Weapons
 - Level 2.1 Dodging
 - Level 1.1 Spellcasting
 - Level 3.2 Hexes


You had 5 spell levels left.
You knew the following spells:

 Your Spells              Type           Power      Damage    Failure   Level
a - Slow                  Hex            32%        N/A       11%         1

Your spell library contained the following spells:

 Spells                   Type           Power      Damage    Failure   Level
 Dazzling Flash           Conj/Hex       8%         N/A       52%         3
 Inner Flame              Hex/Fire       4%         N/A       52%         3
 Portal Projectile        Hex/Tloc       8%         N/A       52%         3
 Cause Fear               Hex            4%         N/A       71%         4
 Vhi's Electric Charge    Tloc/Air       0%         N/A       77%         3
 Volatile Blastmotes      Fire/Tloc      0%         2d10      77%         3
 Iskenderun's Mystic Bla  Conj/Tloc      0%         2d3       99%         4
 Arcjolt                  Conj/Air       0%         1d10      100%        5
 Plasma Beam              Fire/Air       0%         2x1d11    100%        6
 Starburst                Conj/Fire      0%         6d3       100%        6


Dungeon Overview and Level Annotations

Branches:
Dungeon (3/15)              Sewer (visited)

Altars:
Elyvilon


Innate Abilities, Weirdness & Mutations

You are amphibious.
You cover ground slowly.
You can hop short distances.
You have an extended range of vision and can be seen from far away.


Message History

The sling bullet barely misses the orc priest.
The sling bullet barely misses the orc.
You shoot a sling bullet. The sling bullet hits the orc.
The orc is almost dead.
You shoot a sling bullet. The sling bullet hits the orc.
You kill the orc!
You shoot a sling bullet.
The sling bullet closely misses the orc priest.
The orc priest is no longer moving slowly.
You shoot a sling bullet. The sling bullet hits the orc priest.
The orc priest is lightly wounded.
You shoot a sling bullet.
The sling bullet barely misses the orc priest.
The orc priest hits you with a +0 hand axe.
Something hits you but does no damage.
You shoot a sling bullet.
The sling bullet hits the orc priest but does no damage.
The orc priest is lightly wounded.
The orc priest invokes the aid of Beogh against you.
Beogh smites you! Something barely misses you.
The orc priest barely misses you.
You shoot a sling bullet.
The sling bullet barely misses the orc priest.
Something hits you but does no damage.
The orc priest hits you with a +0 hand axe.
Something hits you but does no damage.
Aiming: Slow (safe; 10% risk of failure)
Press: ? - help, Q - select action, (/) - cycle Shift-Dir - straight line, f/p - orc priest
Aim: an orc priest, wielding a +0 hand axe (lightly wounded, chance to affect: 43%)
The orc priest resists with some effort.
The orc priest invokes the aid of Beogh against you.
Beogh smites you!
* * * LOW HITPOINT WARNING * * *
Something hits you.
* * * LOW HITPOINT WARNING * * *
It was a potion of degeneration.
There was something very wrong with that liquid.
You feel weakened.
You feel dopey.
You feel clumsy.
The orc priest hits you with a +0 hand axe.
You die...

#.#####.#####........)....#######
.................................
#.#####.#######'#........####....
#.........# #.#####'#+## #.#.#
#......##.## #.##....#.# #....
.......##..## #.##.####.#####...#
.......###..# #....##............
.......# ##.###..####.#........##
....#### #.##..@o.##.######..#..
#+### #....#)#.##.........#.#
###..#.#.##......##.#.#
###.#.#.##.)....##....
##########...#.#.........####.#
###...........##.##........# .#
.##...........#...#........... #
.##...........#._.#..'###+##.##
..............#...#...# ...


You could see an orc priest.

Vanquished Creatures
  An adder (D:2)
  3 worms
  4 dart slugs
  An orc (D:3)
  6 bats
  4 endoplasms
  2 giant cockroaches
  4 goblins
  3 hobgoblins
  7 jackals
  3 quokkas
  2 ball pythons
  A frilled lizard (D:3)
  6 kobolds
  7 rats
54 creatures vanquished.

Vanquished Creatures (collateral kills)
  A water moccasin (Sewer)
1 creature vanquished.

Grand Total: 55 creatures vanquished

Notes
Turn   | Place    | Note
-------+----------+-------------------------------------------
     0 | D:1      | comborobin the Barachi Hexslinger began the quest for the
                  | Orb.
     0 | D:1      | Reached XP level 1. HP: 15/15 MP: 2/2
   137 | D:1      | Reached XP level 2. HP: 14/21 MP: 3/3
   188 | D:1      | Found a faded altar of an unknown god.
   552 | D:1      | Reached skill level 3 in Ranged Weapons
   892 | D:2      | Identified the +2 robe of Repulsion {Harm *Slow +Inv Will-}
   911 | D:2      | Reached XP level 3. HP: 18/26 MP: 4/4
  1338 | D:2      | Reached skill level 4 in Ranged Weapons
  1596 | D:3      | Reached XP level 4. HP: 32/32 MP: 5/5
  1781 | D:3      | Found a glowing drain.
  1823 | Sewer    | Entered a sewer
  1886 | Sewer    | Noticed a water moccasin
  1899 | Sewer    | Killed a water moccasin
  1900 | Sewer    | Reached skill level 5 in Ranged Weapons
  1900 | Sewer    | Reached XP level 5. HP: 3/37 MP: 6/6
  2270 | D:3      | Found a white marble altar of Elyvilon.
  2283 | D:3      | Slain by an orc priest

Illustrated notes

Levels and vault maps discovered:
D:1:      minmay_arrival_shattered_statue, layout_basic,
          hellmonk_ecumenical_altar_lost_god
D:2:      layout_basic
D:3:      layout_basic, mainiacjoe_overflow_surrounded_room,
          portal_sewer_entry_a

Skill      XL: |  1  2  3  4 |
---------------+-------------+-----
Ranged Weapons | 3 4 5 |  5.7
Fighting       | |  1.2
Dodging        | |  2.1
Spellcasting   | |  1.1
Hexes          | |  3.2

Action                     |  1- 3 |  4- 6 || total
---------------------------+-------+-------++-------
   Fire: Sling             |   135 |    85 ||   220
   Cast: Slow              |       |     2 ||     2
Ability: Hop               |       |     1 ||     1
    Use: Potion            |     1 |     2 ||     3
         Scroll            |       |     5 ||     5
 Armour: Robe              |    12 |       ||    12
         Leather armour    |    18 |     6 ||    24
  Dodge: Dodged            |    90 |    40 ||   130
